 Dungeon Crawl Stone Soup version 0.28-a0-1038-g9c4cb8273d (webtiles) character file.

Game seed: 18277540198876881069

72 mainiacjoe the Ruffian (level 4, -2/35 HPs)
             Began as a Palentonga Transmuter on Dec 9, 2021.
             Slain by Ijyb (6 damage)
             ... on level 2 of the Dungeon.
             The game lasted 00:03:54 (2678 turns).

mainiacjoe the Ruffian (Palentonga Transmuter)      Turns: 2678, Time: 00:03:54

Health: -2/35      AC:  0    Str: 16    XL:     4   Next: 7%
Magic:  7/7        EV:  9    Int: 13    God:
Gold:   60         SH:  0    Dex: 10    Spells: 6/7 levels left

rFire   . . .      SeeInvis +     - Unarmed
rCold   . . .      Faith    .   (no shield)
rNeg    . . .      Spirit   .   a - +0 robe
rPois   +          Reflect  .   (no helmet)
rElec   .          Harm     .   (no cloak)
rCorr   .          Rampage  .   (no gloves)
Will    .....                   (no barding)
Stlth   +.........              (no amulet)
HPRegen 0.11/turn               i - ring of poison resistance
MPRegen 0.10/turn               (no ring)

@: corroded
A: large, rugged brown scales 3, see invisible, deformed body, roll 1, armoured
tail
a: Rolling Charge


You were on level 2 of the Dungeon.
You visited 1 branch of the dungeon, and saw 2 of its levels.

You collected 60 gold pieces.

Inventory:

Hand Weapons
 b - a +0 hunting sling
Missiles
 f - 69 stones
 n - 10 arrows
Armour
 a - a +0 robe (worn)
 k - a +0 leather armour
Jewellery
 i - a ring of poison resistance (left hand)
 l - a ring of fire
Scrolls
 d - a scroll of vulnerability
 e - a scroll of noise {unknown}
 g - a scroll of identify {unknown}
Potions
 c - 3 potions of flight {unknown}
 h - a potion of brilliance {unknown}
 j - 2 potions of degeneration {unknown}
 m - a potion of heal wounds {unknown}


   Skills:
 + Level 2.2 Fighting
 - Level 1.5 Dodging
 * Level 4.4 Unarmed Combat
 - Level 2.0 Spellcasting
 - Level 2.0 Transmutations


You had 6 spell levels left.
You knew the following spells:

 Your Spells              Type           Power      Damage    Failure   Level
a - Beastly Appendage     Tmut           12%        N/A       11%         1

Your spell library contained the following spells:

 Spells                   Type           Power      Damage    Failure   Level
 Wereblood                Tmut           6%         N/A       17%         2
 Passwall                 Tmut/Erth      2%         N/A       26%         2
 Spider Form              Tmut/Pois      3%         N/A       45%         3
 Swiftness                Air            1%         N/A       58%         3
 Ice Form                 Ice/Tmut       3%         N/A       86%         4


Dungeon Overview and Level Annotations

Branches:
Dungeon (2/15)

Altars:

Annotations:
D:2 Ijyb


Innate Abilities, Weirdness & Mutations

You are completely covered in rugged brown scales. (AC +3, +7% HP)
You have supernaturally acute eyesight. (SInv)
Armour fits poorly on your strangely shaped body.
You can roll at nearby foes to attack.
You have a long armoured tail.


Message History

Ijyb is lightly wounded.
Ijyb screams, "I no like you!" Ijyb hits you but does no damage.
You hit Ijyb. You claw Ijyb, but do no damage.
Ijyb is moderately wounded.
Ijyb hits you but does no damage.
You hit Ijyb but do no damage. Your kick misses Ijyb. Your punch misses Ijyb.
Ijyb is moderately wounded.
Ijyb hits you with a +0 dagger.
You hit Ijyb but do no damage. You headbutt Ijyb.
Ijyb is moderately wounded.
Ijyb hits you but does no damage.
You closely miss Ijyb. Your headbutt misses Ijyb.
Ijyb is moderately wounded.
Ijyb closely misses you.
You barely miss Ijyb.
Your tail-slap misses Ijyb.
Ijyb is moderately wounded.
Ijyb barely misses you.
You barely miss Ijyb. Your kick misses Ijyb. You headbutt Ijyb.
Your tail-slap misses Ijyb.
Ijyb is heavily wounded.
Ijyb screams, "Me stronger than you!" Ijyb barely misses you.
You hit Ijyb but do no damage. You claw Ijyb, but do no damage.
Your headbutt misses Ijyb.
Ijyb is heavily wounded.
Ijyb zaps a wand.
The bolt of acid hits you!!
Ouch! That really hurt!
* * * LOW HITPOINT WARNING * * *
The acid corrodes you!
You hit Ijyb but do no damage. You claw Ijyb, but do no damage.
Ijyb is heavily wounded.
Your horns disappear.
Your talons disappear.
You hit Ijyb.
Ijyb is severely wounded.
Ijyb closely misses you.
You closely miss Ijyb.
Ijyb is severely wounded.
Ijyb hits you with a +0 dagger.
You die...

#.####.#.# #.#.##.# # #.# #.#.#
#.#.##.# # #.# #.#.####.#.##.####
########.# #.#......#......##
.........####.#.......#..[#.##
########.....g....##.#....#...
#........##g###.##.#.#.##..# #
##.####g#.##g# #.##.........#
#.##...###.g..#@# #............#
#.#.#.#.#.....#.# ####.###.##...
##.....g..g....#.# #.# #.##..#
.###.###########.######.# #.##..#
.....8g8.8.8. ..#......# #.##..#
.##.....g...$#####.###### #.##..#
###...gg.....#.....########.##..#
###..........#####..............#
†##.........$#.###.##.........#.#


You could see Ijyb and 2 goblins.

Vanquished Creatures
  3 adders (D:2)
  A dart slug (D:1)
  3 ball pythons
  5 bats
  4 endoplasms
  6 goblins
  4 hobgoblins
  A jackal (D:1)
  3 kobolds
  3 quokkas (D:1)
  3 frilled lizards (D:1)
  3 rats
39 creatures vanquished.

Notes
Turn   | Place    | Note
-------+----------+-------------------------------------------
     0 | D:1      | mainiacjoe the Palentonga Transmuter began the quest for
                  | the Orb.
     0 | D:1      | Reached XP level 1. HP: 16/16 MP: 3/3
   361 | D:1      | Reached XP level 2. HP: 20/22 MP: 5/5
  1016 | D:1      | Found a faded altar of an unknown god.
  1540 | D:2      | Reached skill level 4 in Unarmed Combat
  1540 | D:2      | Reached XP level 3. HP: 11/28 MP: 6/6
  2637 | D:2      | Noticed Ijyb
  2659 | D:2      | Reached XP level 4. HP: 35/35 MP: 7/7
  2678 | D:2      | Slain by Ijyb

Illustrated notes

Levels and vault maps discovered:
D:1:      dpeg_arrival_brainrot, layout_loops_corners,
          hellmonk_ecumenical_altar_zigzags
D:2:      kennysheep_the_goblin_king, layout_loops_ring, dk_noncrumbling_4,
          minivault_4, st_stairs_3

Skill      XL: |  1  2  3 |
---------------+----------+-----
Unarmed Combat | 4 |  4.4
Fighting       | 2 |  2.2
Dodging        | |  1.5
Spellcasting   | |  2.0
Transmutations | |  2.0

Action                   |  1- 3 |  4- 6 || total
-------------------------+-------+-------++-------
Melee: Unarmed           |   105 |    18 ||   123
       Tailslap          |     8 |       ||     8
       Kick              |     2 |     4 ||     6
       Punch             |     1 |       ||     1
       Headbutt          |       |     3 ||     3
 Fire: Hunting sling     |    33 |       ||    33
 Cast: Beastly Appendage |     3 |     1 ||     4
 Abil: Rolling Charge    |     5 |       ||     5
  Use: Scroll            |     1 |       ||     1
 Stab: Sleeping          |     1 |       ||     1
Armor: Robe              |    56 |     4 ||    60
Dodge: Dodged            |    62 |     5 ||    67

Table legend: (Time is in decaauts)
 A = Elapsed time spent in this place.
 B = Non-inter-level travel time spent in this place.
 C = Inter-level travel time spent in this place.
 D = Time resting spent in this place.
 E = Time spent auto-exploring this place.
 F = Levels seen in this place.
 G = Mean time per level.
                   A        B        C        D        E       F      G
               +--------+--------+--------+--------+--------+-----+--------+
         Total |   2674 |   2617 |     57 |    532 |   1731 |   2 | 1337.0 |
       Dungeon |   2674 |   2617 |     57 |    532 |   1731 |   2 | 1337.0 |
               +--------+--------+--------+--------+--------+-----+--------+

Top non-repeatable levels by time:
     D:1: 1405 daAuts
     D:2: 1268 daAuts
